 Dungeon Crawl Stone Soup version 0.28.0-53-g5a82cb258f (webtiles) character file.

Game seed: 16744897583976690839

552 KamiKatze the Chopper (level 7, -2/64 HPs)
             Began as a Gargoyle Berserker on July 24, 2022.
             Was a Priest of Trog.
             Slain by a killer bee (3 damage)
             ... on level 5 of the Dungeon.
             The game lasted 00:14:28 (3892 turns).

KamiKatze the Chopper (Gargoyle Berserker)          Turns: 3892, Time: 00:14:28

Health: -2/64      AC: 12    Str: 22    XL:     7   Next: 29%
Magic:  7/7        EV: 10    Int:  8    God:    Trog [***...]
Gold:   46         SH:  0    Dex:  9    Spells: 6/6 levels left

rFire   . . .      SeeInvis .   a - +0 hand axe
rCold   + . .      Faith    .   (no shield)
rNeg    + . .      Spirit   .   v - +0 scale mail
rPois   ∞          Reflect  .   (no helmet)
rElec   +          Harm     .   o - +0 cloak
rCorr   .          Rampage  .   (no gloves)
Will    .....                   (no boots)
Stlth   ..........              (no amulet)
HPRegen 0.20/turn               f - ring of protection from cold
MPRegen 0.10/turn               (no ring)

@: berserking, very quick
A: sickness immunity, AC +4, negative energy resistance 1, electricity
resistance, torment resistance 1, petrification resistance
a: Renounce Religion, Berserk, Trog's Hand


You were on level 5 of the Dungeon.
You worshipped Trog.
Trog was most pleased with you.
You visited 2 branches of the dungeon, and saw 6 of its levels.

You collected 146 gold pieces.
You spent 100 gold pieces at shops.

Inventory:

Hand Weapons
 a - a +0 hand axe (weapon)
 d - a +0 mace
Missiles
 j - 104 stones (quivered)
Armour
 o - a +0 cloak (worn)
 v - a +0 scale mail (worn)
 w - a +0 chain mail
Jewellery
 f - a ring of protection from cold (left hand)
 g - a ring of wizardry
Scrolls
 b - 4 scrolls of vulnerability
 e - a scroll of torment {unknown}
 h - a scroll of holy word {unknown}
 k - a scroll of magic mapping {unknown}
 m - a scroll of teleportation {unknown}
 q - a scroll of fog {unknown}
 s - a scroll of amnesia
 t - a scroll of immolation {unknown}
Potions
 c - 2 potions of haste
 i - a potion of curing
 n - a potion of flight {unknown}
 r - a potion of magic {unknown}
 u - 2 potions of resistance
 x - a potion of brilliance


   Skills:
 - Level 4.0 Fighting
 * Level 6.8 Axes
 - Level 3.0 Armour
 - Level 2.0 Dodging


You had 6 spell levels left.
You didn't know any spells.
Your spell library contained the following spells:

 Spells                   Type           Power      Damage    Failure   Level
 Animate Skeleton         Necr           0%         N/A       75%         1
 Pain                     Necr           0%         1d4       75%         1
 Gell's Gravitas          Tloc           0%         N/A       98%         3
 Lesser Beckoning         Tloc           0%         N/A       98%         3
 Teleport Other           Tloc           0%         N/A       98%         3
 Vampiric Draining        Necr           0%         2d6       98%         3
 Fulminant Prism          Conj/Hex       0%         3d6       100%        4
 Iskenderun's Mystic Bla  Conj/Tloc      0%         2d3       100%        4
 Lee's Rapid Deconstruct  Erth           0%         3d5*      100%        5


Dungeon Overview and Level Annotations

Branches:
Dungeon (5/15)             Temple (1/1) D:4

Altars:
Ashenzari
Cheibriados
Dithmenos
Elyvilon
Fedhas
Gozag
Hepliaklqana
Kikubaaqudgha
Makhleb
Nemelex Xobeh
Okawaru
Qazlal
Ru
Sif Muna
Trog
Vehumet
Wu Jian
Xom
Yredelemnul
Zin
The Shining One

Shops:
D:4 *

Annotations:
D:1 dig to exit


Innate Abilities, Weirdness & Mutations

You are immune to sickness and miasma.
Your stone body is resilient. (AC +4)
You are immune to poison.
You resist negative energy. (rN+)
You are resistant to electric shocks. (rElec)
You are resistant to unholy torment.
You are immune to petrification.


Message History

The killer bee closely misses you.
You miss the killer bee. You hit the killer bee.
You closely miss the killer bee. The killer bee barely misses you.
The killer bee misses you. The killer bee barely misses you.
The killer bee stings you but does no damage.
The killer bee barely misses you.
Unknown command.
You barely miss the killer bee. You miss the killer bee. x2
The killer bee stings you. x2
* * * LOW HITPOINT WARNING * * *
The killer bee stings you but does no damage. x2
Unknown command.
You hit the killer bee.
The killer bee is moderately wounded.
You miss the killer bee. You hit the killer bee.
The killer bee stings you but does no damage.
The killer bee stings you!
* * * LOW HITPOINT WARNING * * *
The killer bee stings you.
* * * LOW HITPOINT WARNING * * *
You miss the killer bee.
The killer bee is moderately wounded.
You barely miss the killer bee. You miss the killer bee.
The killer bee barely misses you.
The killer bee stings you but does no damage.
The killer bee stings you.
* * * LOW HITPOINT WARNING * * *
You completely miss the killer bee.
The killer bee is moderately wounded.
You slash the killer bee! You miss the killer bee. The killer bee stings you.
* * * LOW HITPOINT WARNING * * *
The killer bee stings you but does no damage.
The killer bee completely misses you. The killer bee stings you!
* * * LOW HITPOINT WARNING * * *
The killer bee stings you but does no damage.
You hit the killer bee.
The killer bee is heavily wounded.
You closely miss the killer bee. You hit the killer bee.
The killer bee stings you.
You die...

. #.#.# # #.#.# #
#.#.# # # #.#.# #
#. #.#.# #
#.####.#.# # #
..##....#.#.#.#..#
..
.........yy........
###
........[@yy.......
#
..##.##.#####.....#
# #.# .#.#.# #.#
.....y ..# .....
... #...y ####


You could see 4 killer bees.

Vanquished Creatures
  Duvessa (D:4)
  An ogre (D:3)
  Dowan (D:4)
  A hound (D:4)
  An orc priest (D:5)
  An iguana (D:5)
  An orc wizard (D:3)
  A killer bee zombie (D:5)
  6 adders
  2 gnolls
  2 worms (D:2)
  A dart slug (D:3)
  6 orcs
  4 ball pythons
  8 endoplasms
  2 giant cockroaches (D:1)
  15 goblins
  8 hobgoblins
  8 jackals
  5 kobolds
  3 quokkas (D:1)
  9 bats
  5 frilled lizards
  A quokka skeleton (D:3)
  8 rats
101 creatures vanquished.

Vanquished Creatures (others)
  A plant (D:1)
1 creature vanquished.

Grand Total: 102 creatures vanquished

Notes
Turn   | Place    | Note
-------+----------+-------------------------------------------
     0 | D:1      | KamiKatze the Gargoyle Berserker began the quest for the
                  | Orb.
     0 | D:1      | Reached XP level 1. HP: 14/14 MP: 1/1
    49 | D:1      | Found a faded altar of an unknown god.
   178 | D:1      | Reached XP level 2. HP: 15/19 MP: 2/2
   383 | D:1      | Reached skill level 3 in Axes
   530 | D:1      | Reached ** piety under Trog
   574 | D:1      | Reached XP level 3. HP: 23/23 MP: 3/3
  1017 | D:2      | Reached XP level 4. HP: 21/29 MP: 4/4
  1985 | D:3      | Reached skill level 4 in Axes
  1985 | D:3      | Reached XP level 5. HP: 33/33 MP: 5/5
  2039 | D:3      | Noticed an ogre
  2054 | D:3      | Killed an ogre
  2055 | D:3      | Reached skill level 5 in Axes
  2059 | D:3      | Reached XP level 6. HP: 38/38 MP: 6/6
  2703 | D:4      | Noticed Duvessa
  2703 | D:4      | Noticed Dowan
  2739 | D:4      | Killed Duvessa
  2740 | D:4      | Reached skill level 6 in Axes
  2792 | D:4      | Found a staircase to the Ecumenical Temple.
  2800 | Temple   | Entered the Ecumenical Temple
  3121 | D:4      | Reached *** piety under Trog
  3387 | D:4      | Killed Dowan
  3388 | D:4      | Reached XP level 7. HP: 24/43 MP: 7/7
  3550 | D:4      | Found Ugirchiseum's Assorted Antiques.
  3569 | D:4      | Bought 3 scrolls labelled NIET VIEDOUMN for 51 gold pieces
  3570 | D:4      | Bought a scroll labelled ROZOXU XUCHAHI for 17 gold pieces
  3571 | D:4      | Bought a scroll labelled UMUCAUKLIA for 17 gold pieces
  3572 | D:4      | Bought a coppery potion for 15 gold pieces
  3653 | D:5      | Entered Level 5 of the Dungeon
  3891 | D:5      | HP: 1/64 [killer bee (7)]
  3892 | D:5      | Slain by a killer bee

Illustrated notes

Levels and vault maps discovered:
D:1:      lightli_molten_gateway, layout_loops_ring,
          shapermc_ecumenical_altar_ellora
D:2:      minmay_alternating_diamond, layout_loops_corners
D:3:      layout_loops_ring, minmay_ogre_servants
D:4:      layout_rooms, minmay_temple_entry_ruins, serial_shops, shop_statue,
          uniq_duvessa
D:5:      layout_basic
Temple:   mainiacjoe_temple_circle_huts

Skill      XL: |  1  2  3  4  5  6 |
---------------+-------------------+-----
Axes           | 3 4 5 6 |  6.8
Dodging        | 2 |  2.0
Armour         | 3 |  3.0
Fighting       | 4 |  4.0

Action                   |  1- 3 |  4- 6 |  7- 9 || total
-------------------------+-------+-------+-------++-------
Melee: Hand axe          |   137 |   197 |    41 ||   375
       Punch             |     3 |     3 |       ||     6
Throw: Stone             |     1 |     2 |       ||     3
Invok: Berserk           |     2 |     5 |     3 ||    10
  Use: Scroll            |       |       |     6 ||     6
Armor: Animal skin       |    61 |     5 |       ||    66
       Leather armour    |       |    59 |       ||    59
       Ring mail         |       |       |    19 ||    19
       Scale mail        |       |       |    16 ||    16
Dodge: Dodged            |   106 |   110 |    41 ||   257
